 Dungeon Crawl Stone Soup version 0.27.0-1-g7a089689b8 (webtiles) character file.

Game seed: 578346313770563577

21539 wakim the Destroyer (level 12, -4/70 HPs)
             Began as a Deep Elf Conjurer on Aug 4, 2021.
             Was a Priest of Sif Muna.
             Slain by a komodo dragon (shapeshifter) (14 damage)
             ... on level 12 of the Dungeon.
             The game lasted 00:50:58 (16916 turns).

wakim the Destroyer (Deep Elf Conjurer)            Turns: 16916, Time: 00:50:59

Health: -4/70      AC: 16    Str:  6    XL:     12   Next: 55%
Magic:  17/26      EV: 15    Int: 27    God:    Sif Muna [***...]
Gold:   476        SH:  5    Dex: 13    Spells: 8/27 levels left

rFire    + . .     SeeInvis .   b - +7 dagger of Gumaidyri {pain, rC+}
rCold    + + .     Faith    .   m - +0 buckler {rC+ rF+}
rNeg     + . .     Spirit   .   e - +2 robe {Will+}
rPois    .         Reflect  .   k - +2 hat
rElec    .         Harm     .   (no cloak)
rCorr    +         Rampage  +   (no gloves)
Will     ++...                  c - +2 pair of boots {rampage}
Stlth    ++........             n - amulet of regeneration
HPRegen  1.21/turn              q - ring of resist corrosion
MPRegen  0.20/turn              h - ring of positive energy

@: ice-armoured, spiked, unable to read, channeling
A: inability to read while threatened
a: Renounce Religion, Channel Magic, Forget Spell


You were on level 12 of the Dungeon.
You worshipped Sif Muna.
Sif Muna was most pleased with you.
You visited 2 branches of the dungeon, and saw 13 of its levels.
You visited the Abyss 1 time.
You also visited: Ossuary.

You collected 656 gold pieces.
You spent 180 gold pieces at shops.

Inventory:

Hand Weapons
 a - a +3 long sword of draining
 b - the +7 dagger of Gumaidyri (weapon) {pain, rC+}
   (You found it on level 5 of the Dungeon)

   In the hands of one skilled in necromantic magic, it inflicts extra damage on
   living creatures.
   rC:        It protects you from cold.
Missiles
 i - 5 throwing nets {=f!f}
 l - 6 curare-tipped darts {=f}
Armour
 c - a +2 pair of boots of rampaging (worn)
 e - a +2 robe of willpower (worn)
 k - a +2 hat (worn)
 m - a +0 buckler of resistance (worn)
 p - a +0 robe of resistance
Jewellery
 g - a ring of ice
 h - a ring of positive energy (right hand)
 n - an amulet of regeneration (around neck)
 q - a ring of resist corrosion (left hand)
Wands
 t - a wand of digging (5)
 u - a wand of mindburst (15)
 v - a wand of flame (22)
 w - a wand of acid (4)
 y - a wand of paralysis (10)
Scrolls
 f - 3 scrolls of enchant armour
 j - a scroll of brand weapon
 r - 2 scrolls of identify
 R - 2 scrolls of magic mapping {!r}
 T - 3 scrolls of teleportation
 U - 3 scrolls of fear
 W - 3 scrolls of holy word
 Y - 3 scrolls of blinking {!r}
 Z - 3 scrolls of silence {!r}
Potions
 A - 2 potions of ambrosia
 B - 5 potions of attraction {!q}
 C - a potion of berserk rage {!q}
 D - a potion of brilliance
 E - 4 potions of cancellation
 F - 3 potions of curing
 G - 3 potions of flight
 J - 2 potions of heal wounds
 K - a potion of magic
 L - 5 potions of lignification {!q}
 N - a potion of might
 O - 2 potions of resistance


   Skills:
 - Level 6.0 Fighting
 - Level 8.0 Dodging
 - Level 2.4 Stealth
 - Level 4.0 Shields
 - Level 8.0 Spellcasting
 + Level 10.5 Conjurations
 - Level 4.0 Hexes
 - Level 4.0 Translocations
 - Level 5.0 Fire Magic
 + Level 4.6 Ice Magic
 + Level 6.1 Earth Magic
 * Level 10.0 Invocations
 + Level 7.1 Evocations


You had 8 spell levels left.
You knew the following spells:

 Your Spells              Type           Power      Damage    Failure   Level
a - Magic Dart            Conj           100%       1d8       1%          1
b - Bolt of Magma         Conj/Fire/Erth 24%        4d12      8%          5
c - Ozocubu's Armour      Ice            35%        N/A       2%          3
s - Searing Ray           Conj           100%       3d7       1%          2
x - Iskenderun's Mystic   Conj/Tloc      50%        2d11      2%          4
z - Fulminant Prism       Conj/Hex       25%        3d14      2%          4

Your spell library contained the following spells:

 Spells                   Type           Power      Damage    Failure   Level
 Dazzling Flash           Conj/Hex       100%       N/A       1%          3
 Stone Arrow              Conj/Erth      100%       3d13      1%          3
 Tukima's Dance           Hex            32%        N/A       3%          3
 Beastly Appendage        Tmut           20%        N/A       5%          1
 Leda's Liquefaction      Hex/Erth       19%        N/A       7%          4
 Corpse Rot               Necr/Air       N/A        N/A       8%          2
 Poisonous Vapours        Pois/Air       20%        N/A       8%          2
 Wereblood                Tmut           10%        N/A       8%          2
 Passage of Golubria      Tloc           N/A        N/A       10%         4
 Spider Form              Tmut/Pois      5%         N/A       16%         3
 Metabolic Englaciation   Hex/Ice        17%        N/A       26%         5
 Silence                  Hex/Air        10%        N/A       54%         5
 Yara's Violent Unravell  Hex/Tmut       10%        3d6       54%         5
 Simulacrum               Ice/Necr       11%        N/A       97%         6
 Lehudib's Crystal Spear  Conj/Erth      27%        10d7      100%        8
 Shatter                  Erth           21%        3d19*     100%        9


Dungeon Overview and Level Annotations

Branches:
Dungeon (12/15)            Temple (1/1) D:6            Lair (0/6) D:11
    Orc (0/2) D:12        Ossuary (visited)

Altars:
Ashenzari
Cheibriados
Dithmenos
Elyvilon
Fedhas
Gozag
Hepliaklqana
Kikubaaqudgha
Makhleb
Nemelex Xobeh
Okawaru
Qazlal
Ru
Sif Muna
Trog
Uskayaw
Vehumet
Wu Jian
Xom
Yredelemnul
Zin
The Shining One

Shops:
D:1 [   D:11 =

Annotations:
D:5 1 runed translucent door, bidolon's ghost, novice GnMo


Innate Abilities, Weirdness & Mutations

You sometimes lose the ability to read scrolls when taking damage.


Message History

The komodo dragon is knocked back by the mystic blast.
The komodo dragon slams into the rock wall!
The mystic blast hits the manticore!
The manticore is moderately wounded.
The manticore is knocked back by the mystic blast.
The manticore flicks its tail.
The volley of spikes hits you!
The barbed spikes become lodged in your body.
* * * LOW HITPOINT WARNING * * *
Casting: Iskenderun's Mystic Blast (dangerous; 2% risk of failure)
Confirm with . or Enter, or press ? or * to list all spells.
You erupt in a blast of force!
The mystic blast hits the centaur warrior simulacrum!
The centaur warrior simulacrum is heavily damaged.
The centaur warrior simulacrum is knocked back by the mystic blast.
The centaur warrior simulacrum slams into the rock wall!
The mystic blast hits the manticore!
The manticore is moderately wounded.
The manticore is knocked back by the mystic blast.
The mystic blast hits the komodo dragon!
The komodo dragon is moderately wounded.
The komodo dragon is knocked back by the mystic blast.
The komodo dragon slams into the rock wall!
A cyclops comes into view.
Casting: Iskenderun's Mystic Blast (dangerous; 2% risk of failure)
Confirm with . or Enter, or press ? or * to list all spells.
You erupt in a blast of force!
The mystic blast hits the rakshasa!
The rakshasa is lightly wounded.
The rakshasa is knocked back by the mystic blast.
The rakshasa slams into the rock wall!
The mystic blast hits the komodo dragon!
The komodo dragon is heavily wounded.
The komodo dragon is knocked back by the mystic blast.
The komodo dragon slams into the rock wall!
The komodo dragon bites you!!
* * * LOW HITPOINT WARNING * * *
The rakshasa weaves an illusion.
The manticore flicks its tail.
The volley of spikes hits you but does no damage.
The komodo dragon bites you!
You die...

...#.........[.(.......#
+###...................#
......########.........#
.....## ### ##........#
....## .. ##.......#
....# #. ####.......#
....# #.##.##R##H......#
.#### #....C.ZZl.......#
## #!##.##.##@......# #
#. ####.......# ..
#.......# ##. #.......#
#R #.......# ..
#.....### #. #[....#
#.....# #.....#


You could see a rakshasa, a manticore, a cyclops, a komodo dragon and 2 centaur
warrior simulacra.

Vanquished Creatures
  Harold (D:11)
  A centaur warrior (D:12)
  2 hydras (D:12)
  Erolcha (D:9)
  Erica (D:9)
  4 two-headed ogres
  A soul eater (Abyss:2)
  A deep elf pyromancer (D:12)
  An orc knight (D:12)
  A cyclops (D:12)
  A gargoyle (D:12)
  An ancient zyme (Abyss:2)
  7 trolls
  3 flying skulls (Abyss:2)
  2 vampires
  2 wyverns
  15 yaks
  A shadow (D:12)
  Grum (D:11)
  A chaos spawn (Abyss:2)
  2 vampire mosquitoes (D:12)
  2 acid dragons
  A floating eye (shapeshifter) (D:12)
  3 orc warriors
  5 hell hounds (Abyss:2)
  2 black bears
  3 sky beasts
  2 ice beasts
  2 necrophages (D:5)
  4 wolves (D:11)
  4 centaurs
  3 kobold brigands
  A phantom (D:5)
  A bullfrog (D:8)
  A gnoll sergeant (D:6)
  An elf zombie (Ossuary)
  A scorpion (D:5)
  2 water moccasin zombies
  23 killer bees
  A bullfrog zombie (D:6)
  5 howler monkeys
  7 centaur zombies
  A quasit (D:5)
  A human zombie (Ossuary)
  3 jellies
  2 gnoll shamans
  7 hounds
  3 orc priests
  2 centaur skeletons (D:7)
  3 iguanas
  Natasha (thrice) (D:2)
  12 orc wizards
  4 mummies (Ossuary)
  2 howler monkey zombies
  A howler monkey skeleton (D:7)
  4 adders
  13 gnolls
  A shadow imp (D:7)
  A white imp (D:8)
  2 ufetubi
  2 adder zombies (Ossuary)
  3 worms
  An adder skeleton (D:4)
  4 dart slugs
  34 orcs
  8 ball pythons
  3 bats (D:1)
  9 endoplasms
  3 giant cockroaches
  2 gnoll zombies (Ossuary)
  5 goblins
  7 hobgoblins
  4 jackals (D:4)
  A quokka (D:4)
  4 frilled lizards
  A goblin skeleton (D:5)
  4 hobgoblin zombies
  14 kobolds
  2 kobold skeletons (D:5)
  5 kobold zombies
  3 orc zombies (D:5)
  4 rats
  2 rat zombies (Ossuary)
314 creatures vanquished.

Vanquished Creatures (others)
  61 fulminant prisms
  9 plants (D:1)
  A withered plant (D:1)
71 creatures vanquished.

Grand Total: 385 creatures vanquished

Notes
Turn   | Place    | Note
-------+----------+-------------------------------------------
     0 | D:1      | wakim the Deep Elf Conjurer began the quest for the Orb.
     0 | D:1      | Reached XP level 1. HP: 10/10 MP: 6/6
   128 | D:1      | Reached XP level 2. HP: 15/15 MP: 4/8
   132 | D:1      | Learned a level 2 spell: Searing Ray
   775 | D:1      | Reached skill level 5 in Conjurations
   865 | D:1      | Reached XP level 3. HP: 19/19 MP: 8/10
   943 | D:1      | Found Uleiwk's Antique Armour Shoppe.
  1039 | D:1      | Found a faded altar of an unknown god.
  1630 | D:2      | Noticed Natasha
  1632 | D:2      | Killed Natasha
  1633 | D:2      | Reached XP level 4. HP: 24/24 MP: 7/11
  2194 | D:3      | Reached XP level 5. HP: 9/28 MP: 2/13
  2207 | D:2      | Learned a level 4 spell: Fulminant Prism
  2212 | D:2      | Learned a level 4 spell: Iskenderun's Mystic Blast
  3242 | D:4      | Reached skill level 1 in Hexes
  3242 | D:4      | Reached skill level 1 in Translocations
  3242 | D:4      | Reached XP level 6. HP: 32/32 MP: 7/14
  3909 | D:4      | Reached skill level 5 in Dodging
  4047 | D:5      | Entered Level 5 of the Dungeon
  4047 | D:5      | Noticed a sky beast
  4246 | D:5      | Found a snail-covered altar of Cheibriados.
  4252 | D:5      | Reached XP level 7. HP: 36/36 MP: 11/15
  4286 | D:5      | Found an opulent altar of Gozag.
  4310 | D:5      | Identified the +7 dagger of Gumaidyri {pain, rC+}
  4448 | D:5      | Found a runed translucent door.
  4615 | D:5      | Noticed bidolon's ghost (novice GnMo)
  4709 | D:5      | Reached skill level 1 in Fighting
  4973 | D:5      | Found a glowing golden altar of the Shining One.
  5040 | D:5      | Reached skill level 5 in Spellcasting
  5040 | D:5      | Reached XP level 8. HP: 34/43 MP: 3/17
  5878 | D:6      | Found a staircase to the Ecumenical Temple.
  6191 | Temple   | Entered the Ecumenical Temple
  6424 | D:6      | Reached XP level 9. HP: 40/52 MP: 3/20
  6654 | D:6      | Found a shimmering blue altar of Sif Muna.
  6660 | D:6      | Became a worshipper of Sif Muna the Loreminder
  6957 | D:6      | Found an iron altar of Okawaru.
  7013 | D:7      | Found a sand-covered staircase.
  7020 | Ossuary  | Entered an ossuary
  7052 | Ossuary  | Reached skill level 1 in Invocations
  7065 | Ossuary  | Reached skill level 1 in Evocations
  7351 | Ossuary  | Got Yneog's Handbook of Flying Malediction
  7749 | D:1      | Bought a pair of embroidered boots for 180 gold pieces
  7804 | D:2      | Noticed Natasha
  7806 | D:2      | Killed Natasha
  7842 | D:2      | Noticed Natasha
  7846 | D:2      | Killed Natasha
  8458 | D:5      | Found a shimmering altar of Xom.
  9108 | D:7      | Found a blossoming altar of Fedhas.
  9108 | D:7      | Found a hide-covered altar of Uskayaw.
  9116 | D:7      | Reached skill level 1 in Shields
  9180 | D:7      | Found a faded altar of an unknown god.
  9182 | D:7      | Found a shadowy altar of Dithmenos.
  9184 | D:7      | Found an ornate altar of the Wu Jian Council.
  9347 | D:8      | Reached * piety under Sif Muna
 10250 | D:8      | Identified a scroll of acquirement
 10250 | D:8      | Acquired a +0 buckler of resistance
 10270 | D:8      | Learned a level 5 spell: Bolt of Magma
 10306 | D:9      | Found a hazy altar of Hepliaklqana.
 10313 | D:9      | Noticed Erolcha
 10313 | D:9      | Noticed a two-headed ogre
 10339 | D:9      | Reached XP level 10. HP: 46/58 MP: 11/22
 10343 | D:9      | Cast into level 2 of the Abyss (Erolcha)
 10352 | Abyss:2  | Noticed a tentacled starspawn
 10435 | Abyss:2  | Noticed a soul eater
 10447 | Abyss:2  | Killed a soul eater
 10448 | Abyss:2  | Reached skill level 1 in Fire Magic
 10448 | Abyss:2  | Reached skill level 1 in Earth Magic
 10456 | Abyss:2  | Noticed a starcursed mass
 10544 | Abyss:2  | Reached skill level 5 in Invocations
 10689 | Abyss:2  | Noticed a worldbinder
 10693 | Abyss:2  | Noticed a manticore
 10715 | Abyss:2  | Reached skill level 5 in Fighting
 10717 | D:9      | Escaped the Abyss
 10717 | D:9      | HP: 1/59 [two-headed ogre (18)]
 10719 | D:9      | Reached ** piety under Sif Muna
 10721 | D:9      | Noticed a two-headed ogre
 10722 | D:9      | Killed Erolcha
 10735 | D:9      | Killed a two-headed ogre
 10738 | D:9      | Killed a two-headed ogre
 10739 | D:9      | Reached XP level 11. HP: 1/64 MP: 2/25
 11621 | D:9      | Noticed Erica
 11639 | D:9      | Killed Erica
 11640 | D:9      | Reached skill level 5 in Evocations
 12353 | D:9      | Found a sacrificial altar of Ru.
 12361 | D:9      | Learned a level 3 spell: Ozocubu's Armour
 12406 | D:10     | Entered Level 10 of the Dungeon
 12406 | D:10     | Found an ancient bone altar of Kikubaaqudgha.
 13569 | D:11     | Noticed Harold
 13576 | D:11     | Reached skill level 1 in Ice Magic
 13696 | D:11     | Noticed a two-headed ogre
 13703 | D:11     | Killed Harold
 13742 | D:10     | Killed a two-headed ogre
 13915 | D:11     | Found Iceanlox's Jewellery Emporium.
 13986 | D:11     | Found a staircase to the Lair.
 14382 | D:11     | Noticed Grum
 14389 | D:11     | Killed Grum
 14999 | D:11     | Found a glowing silver altar of Zin.
 15000 | D:11     | Noticed an angel
 15197 | D:12     | Noticed a deep elf pyromancer
 15199 | D:12     | Noticed a lindwurm
 15213 | D:12     | Noticed a shining eye
 15213 | D:12     | a lindwurm changed into a shining eye
 15219 | D:12     | Gained mutation: You sometimes lose the ability to read
                  | scrolls when taking damage. [a shining eye]
 15271 | D:12     | Reached skill level 10 in Conjurations
 15271 | D:12     | Reached XP level 12. HP: 70/70 MP: 9/26
 15275 | D:12     | Reached skill level 5 in Fire Magic
 15275 | D:12     | Reached skill level 5 in Earth Magic
 15426 | D:12     | Noticed a two-headed ogre
 15433 | D:12     | Killed a two-headed ogre
 15433 | D:12     | Reached *** piety under Sif Muna
 15740 | D:12     | Noticed a centaur warrior
 15752 | D:12     | Killed a centaur warrior
 15754 | D:12     | Noticed a six-headed hydra
 16373 | D:12     | Found a staircase to the Orcish Mines.
 16433 | D:12     | Killed a six-headed hydra
 16606 | D:12     | Noticed a four-headed hydra
 16613 | D:12     | Killed a four-headed hydra
 16778 | D:12     | Reached skill level 10 in Invocations
 16906 | D:12     | Noticed a rakshasa
 16916 | D:12     | Slain by a komodo dragon (shapeshifter)

Illustrated notes

Levels and vault maps discovered:
D:1:      mrwooster_arrival_statue_2, layout_basic,
          shapermc_ecumenical_altar_flowoftime, serial_shops, shop
D:2:      layout_basic, uniq_natasha
D:3:      layout_basic
D:4:      layout_rooms
D:5:      layout_cave_pods, kennysheep_little_box, nicolae_tso_besieged_by_evil,
          mainiacjoe_overflow_large_starburst, ebering_ghost_sewer_d,
          ebering_dispersal_statue_hall, hex_tiny, roderic_filled_cross,
          hangedman_decor_riveting
D:6:      layout_loops_cross, okawaru_altar_gauntlet_db,
          mainiacjoe_overflow_tiny_flanked, minmay_temple_entry_stoned_glass,
          st_stairs_5
D:7:      layout_loops_ring, chequers_temple_overflow_minitemple,
          chequers_ossuary_entry_cave, chequers_serial_rivers_marsh,
          minmay_misc_feat_more_columns
D:8:      layout_loops_ring, kennysheep_potato
D:9:      minmay_inner_zag, layout_basic, kennysheep_mini,
          mainiacjoe_overflow_boulevard, eino_small_chamber_without_monster,
          nicolae_wwwww, chequers_mini_garden, hangedman_decor_lopped,
          uniq_erica, uniq_erolcha
D:10:     layout_layer_cave, mainiacjoe_overflow_concentric_impassable
D:11:     layout_irregular_city, dpeg_oklobed_lair, serial_shops,
          nicolae_shop_waterfront, zin_angel, uniq_grum, uniq_harold
D:12:     hangedman_cross_veins, layout_irregular_city, orc_0_dummy,
          enter_trove_5, kennysheep_nondescript
Temple:   kb_temple_of_zot

Skill      XL: |  1  2  3  4  5  6  7  8  9 10 11 12 |
---------------+-------------------------------------+-----
Dodging        | 3 4 5 7 8 |  8.0
Conjurations   | 5 6 7 8 9 10 | 10.5
Spellcasting   | 4 5 6 7 8 |  8.0
Hexes          | 1 2 3 4 |  4.0
Translocations | 1 2 3 4 |  4.0
Fighting       | 1 3 4 5 6 |  6.0
Invocations    | 4 6 8 10 | 10.0
Evocations     | 2 4 6 7 |  7.1
Shields        | 2 4 |  4.0
Fire Magic     | 2 4 5 |  5.0
Earth Magic    | 3 4 6 |  6.1
Ice Magic      | 3 4 |  4.6
Stealth        | |  2.4

Action                   |  1- 3 |  4- 6 |  7- 9 | 10-12 || total
-------------------------+-------+-------+-------+-------++-------
Melee: Dagger            |    14 |       |    12 |     1 ||    27
       Rapier            |       |     1 |       |       ||     1
 Cast: Magic Dart        |    25 |       |       |       ||    25
       Searing Ray       |    14 |    38 |    71 |    76 ||   199
       Fulminant Prism   |       |     2 |    19 |    40 ||    61
       Iskenderun's Myst |       |       |     4 |    62 ||    66
       Bolt of Magma     |       |       |       |     6 ||     6
       Ozocubu's Armour  |       |       |       |     5 ||     5
Invok: Channel Magic     |       |       |       |     5 ||     5
  Use: Scroll            |     3 |     7 |    11 |     8 ||    29
Armor: Robe              |     1 |       |    10 |    37 ||    48
Dodge: Dodged            |     5 |    13 |    54 |   101 ||   173
Block: Buckler           |       |       |     5 |    30 ||    35
       Rpst.: Long sword |       |       |     1 |     3 ||     4
